[Event "Titled Tuesday Blitz January 25 2022"]
[White "Xiong, Jeffery"]
[Black "Coto Mederos, Michel"]
[WhiteFideId "2047640"]
[BlackFideId "3508528"]
[WhiteElo "2727"]
[BlackElo "2427"]
[Result "1-0"]
[Round "04"]
[TimeControl "180+1"]
[Date "2022.01.26"]
[WhiteClock "0:00:54"]
[BlackClock "0:00:02"]

1. d4 d5 2. Nf3 Nf6 3. Bf4 c5 4. e3 Nc6 5. Nbd2 e6 6. c3 Qb6 7. Qb3 Qxb3 8. axb3 Be7 9. h3 O-O 10. Bd3 Bd7 11. dxc5 Bxc5 12. b4 Bb6 13. b5 Ne7 14. Be5 Rfd8 15. Bd4 Bxd4 16. exd4 Nc8 17. b3 Nd6 18. c4 a6 19. b6 Nc8 20. c5 Ne7 21. Ne5 Bb5 22. Bxb5 axb5 23. Ke2 Ne8 24. Kd3 f6 25. Nef3 Nc6 26. Kc3 e5 27. b4 e4 28. Nh2 f5 29. Nb3 g6 30. Rhb1 Ng7 31. Na5 Nxa5 32. bxa5 Rdc8 33. Rxb5 Ne6 34. g3 Nd8 35. Nf1 Nc6 36. a6 Rxa6 37. Rxa6 bxa6 38. b7 Rb8 39. Rb6 Nd8 40. c6 Ne6 41. Rxa6 Nc7 42. Ra5 Kf7 43. Ne3 Ke6 44. Nxd5 Kd6 45. Nxc7 Kxc7 46. d5 Rd8 47. Ra8 1-0


[Site "https://www.chess.com"]

[Event "Titled Tuesday Blitz January 25 2022"]
[White "Zakhartsov, Vladimir"]
[Black "Krishnan, Varun"]
[WhiteFideId "4145097"]
[BlackFideId "5054508"]
[WhiteElo "2432"]
[BlackElo "2537"]
[Result "1-0"]
[Round "04"]
[TimeControl "180+1"]
[Date "2022.01.26"]
[WhiteClock "0:01:16"]
[BlackClock "0:00:19"]

1. d4 d5 2. c4 e6 3. Nf3 Nf6 4. g3 Bb4+ 5. Bd2 Be7 6. Bg2 O-O 7. O-O b6 8. Bg5 Bb7 9. Ne5 Nbd7 10. Nxd7 Qxd7 11. Nc3 h6 12. Bxf6 Bxf6 13. e3 Rac8 14. cxd5 exd5 15. Qh5 Rcd8 16. Rfd1 Rfe8 17. Rac1 c6 18. b4 a6 19. a3 Bc8 20. Qe2 Qg4 21. Bf3 Qg6 22. Na4 b5 23. Nc5 Be7 24. Nd3 Bd7 25. Ne5 Qd6 26. Bh5 g6 27. Bg4 Bxg4 28. Qxg4 Rc8 29. Qf4 Bf6 30. Nxg6 Qxf4 31. Nxf4 Be7 32. Rc3 a5 33. Rdc1 axb4 34. axb4 Bxb4 35. Rxc6 Rxc6 36. Rxc6 Ba3 37. Nxd5 Rb8 38. Rc3 b4 39. Rb3 Rb5 40. e4 Kf8 41. Kf1 Ke8 42. Nc7+ 1-0


[Site "https://www.chess.com"]

[Event "Titled Tuesday Blitz January 25 2022"]
[White "Al Hosani, Omran"]
[Black "Harshavardhan G B"]
[WhiteFideId "9308733"]
[BlackFideId "25059009"]
[WhiteElo "2246"]
[BlackElo "1831"]
[Result "1-0"]
[Round "05"]
[TimeControl "180+1"]
[Date "2022.01.26"]
[WhiteClock "0:00:11"]
[BlackClock "0:00:16"]

1. d4 Nf6 2. c4 e6 3. Nc3 Bb4 4. a3 Bxc3+ 5. bxc3 O-O 6. f3 c5 7. e4 b6 8. e5 Ne8 9. f4 d6 10. Qf3 Qc7 11. Bd3 Bb7 12. Qh3 g6 13. Nf3 b5 14. Ng5 h5 15. O-O bxc4 16. Be4 cxd4 17. cxd4 Bxe4 18. Nxe4 Nc6 19. Be3 d5 20. Ng5 Ng7 21. g4 Ne7 22. Kh1 Rab8 23. f5 exf5 24. gxh5 Nxh5 25. e6 f6 26. Nf7 Qc6 27. Rae1 Qxe6 28. Nh6+ Kg7 29. Nxf5+ Nxf5 30. Bh6+ Kxh6 31. Rxe6 Rb3 32. Qg2 Rfb8 33. Re2 Rb1 34. Ree1 Rxe1 35. Rxe1 Rb5 36. Qd2+ g5 37. Rf1 Kg6 38. Qc2 Nf4 39. h4 Rb3 40. h5+ Kxh5 41. Qxf5 Rh3+ 42. Kg1 Kh4 43. Rf2 Kg3 44. Rxf4 gxf4 45. Qg6+ Kf3 46. Qxf6 Rg3+ 47. Kh2 Rg2+ 48. Kh3 Re2 49. Qc6 Ke3 50. Qxd5 f3 51. Qxc4 f2 52. Kg2 Re1 53. Qc3+ Ke2 54. Qc2+ Ke3 55. Qxf2+ Kd3 56. Qxe1 Kxd4 57. Qa5 Kc4 58. Qxa7 Kb5 59. a4+ Kb4 60. a5 Kb5 61. Qb6+ Kc4 62. a6 Kc3 63. a7 Kd3 64. a8=Q Kc4 65. Qc8+ Kd3 66. Qbd8+ Ke4 67. Qe6+ Kf4 68. Qf8+ Kg5 69. Qeg8+ Kh5 70. Qf5+ Kh6 71. Qgg6# 1-0


[Site "https://www.chess.com"]

[Event "Titled Tuesday Blitz January 25 2022"]
[White "Ambartsumova, Karina"]
[Black "Weetik, Vjacheslav"]
[WhiteFideId "4166299"]
[BlackFideId "4153472"]
[WhiteElo "2262"]
[BlackElo "2469"]
[Result "0-1"]
[Round "05"]
[TimeControl "180+1"]
[Date "2022.01.26"]
[WhiteClock "0:00:02"]
[BlackClock "0:00:03"]

1. d4 Nf6 2. Nf3 e6 3. c4 b6 4. g3 Bb7 5. Bg2 Bb4+ 6. Bd2 Be7 7. Nc3 c6 8. Qc2 d5 9. b3 O-O 10. Bf4 Na6 11. Ne5 Rc8 12. Rd1 Nd7 13. O-O Nxe5 14. Bxe5 Nb4 15. Qb2 a5 16. Rfe1 Bf6 17. Bxf6 Qxf6 18. e4 Rfd8 19. e5 Qe7 20. Na4 Qc7 21. c5 b5 22. Nc3 Na6 23. Bf1 Qe7 24. Qd2 Nc7 25. Bd3 Ba6 26. Bb1 b4 27. Na4 Rb8 28. Qf4 Nb5 29. h4 h6 30. Bd3 Nc7 31. Bb1 Bb5 32. Nb2 Ne8 33. Re3 Ra8 34. Kg2 a4 35. bxa4 Bxa4 36. Rg1 Bb5 37. h5 Bc4 38. Nxc4 dxc4 39. g4 Qd7 40. f3 Qxd4 0-1


[Site "https://www.chess.com"]

[Event "Titled Tuesday Blitz January 25 2022"]
[White "Aradhya, Garg"]
[Black "Hakobyan, Aram"]
[WhiteFideId "25006746"]
[BlackFideId "13306677"]
[WhiteElo "2169"]
[BlackElo "2557"]
[Result "0-1"]
[Round "05"]
[TimeControl "180+1"]
[Date "2022.01.26"]
[WhiteClock "0:00:04"]
[BlackClock "0:00:10"]

1. d4 d5 2. c4 dxc4 3. e3 Nf6 4. Bxc4 e6 5. Nc3 a6 6. a4 c5 7. d5 exd5 8. Nxd5 Be6 9. Nxf6+ Qxf6 10. Qb3 Bxc4 11. Qxc4 Qg6 12. Nf3 Nc6 13. O-O Bd6 14. Bd2 O-O 15. Bc3 Rfe8 16. Rfd1 Rad8 17. a5 h6 18. Rd2 Qh5 19. Rad1 Bc7 20. Rd5 Rxd5 21. Rxd5 Qg6 22. Rxc5 Qb1+ 23. Qf1 Qa2 24. Qc4 Qa1+ 25. Qf1 Qa4 26. Nd4 Rd8 27. Nxc6 Rd1 28. Ne7+ Kf8 29. Be1 Bd6 30. Rd5 Kxe7 31. Rxd1 Qxd1 32. g3 Ke6 33. Qc4+ Qd5 34. Qg4+ Ke7 35. Qd4 Qxd4 36. exd4 Ke6 37. b3 Kd5 38. Bc3 Ke4 39. Kg2 Kd3 40. Be1 Kxd4 41. Kf3 Kd3 42. Kg4 g6 43. h4 f5+ 44. Kf3 Bc7 45. Bb4 Kc2 46. Bf8 h5 47. b4 Kd3 48. Be7 Be5 49. Bc5 Kc4 50. Be7 Bd4 51. Kf4 Bxf2 52. Kg5 Bxg3 53. Kxg6 f4 54. Bd6 Bxh4 55. Bxf4 Be7 56. Kxh5 Bxb4 57. Bc7 Kb5 58. Kg4 Bxa5 59. Be5 Kc4 60. Kf3 Bc3 61. Ke2 Bxe5 0-1


[Site "https://www.chess.com"]

[Event "Titled Tuesday Blitz January 25 2022"]
[White "Artemenko, Oleg"]
[Black "Moskalenko, Alexander"]
[WhiteFideId "14201798"]
[BlackFideId "4155351"]
[WhiteElo "2287"]
[BlackElo "2515"]
[Result "1-0"]
[Round "05"]
[TimeControl "180+1"]
[Date "2022.01.26"]
[WhiteClock "0:02:15"]
[BlackClock "0:01:58"]

1. d4 Nf6 2. Nc3 d5 3. Bf4 e6 4. Nb5 Na6 5. e3 c6 6. Nc3 b6 7. Nf3 Bb7 8. Ne5 Be7 9. Nxc6 Bxc6 10. Bxa6 b5 11. Bxb5 Bxb5 12. Nxb5 Qa5+ 13. Nc3 Ne4 14. O-O Nxc3 15. bxc3 Qxc3 16. Qd3 Rc8 17. Rab1 Qxc2 18. Qb5+ Qc6 19. Rfc1 Qxb5 20. Rxc8+ Kd7 21. Rc7+ 1-0


[Site "https://www.chess.com"]

[Event "Titled Tuesday Blitz January 25 2022"]
[White "Atakhan, Abtin"]
[Black "Eljanov, Pavel"]
[WhiteFideId "22502203"]
[BlackFideId "14102951"]
[WhiteElo "2119"]
[BlackElo "2601"]
[Result "1-0"]
[Round "05"]
[TimeControl "180+1"]
[Date "2022.01.26"]
[WhiteClock "0:00:19"]
[BlackClock "0:00:12"]

1. d4 Nf6 2. Nf3 d5 3. g3 Bf5 4. Bg2 e6 5. c4 c6 6. Nc3 Nbd7 7. Qb3 Qb6 8. c5 Qa6 9. O-O h6 10. Re1 b6 11. cxb6 axb6 12. Bf4 Be7 13. Rac1 O-O 14. Ne5 Nxe5 15. dxe5 Nd7 16. e4 Nc5 17. Qd1 dxe4 18. Nxe4 Bxe4 19. Bxe4 Nxe4 20. Rxe4 Qxa2 21. Qd7 Bc5 22. Bxh6 Rfd8 23. Qxc6 gxh6 24. Rg4+ Kh8 25. Qf3 f5 26. exf6 Qxb2 27. Rxc5 bxc5 28. Qf4 Qb1+ 29. Kg2 Ra7 30. f7 Qf5 31. Qxh6+ 1-0


[Site "https://www.chess.com"]

[Event "Titled Tuesday Blitz January 25 2022"]
[White "Atakishiyev, Elmar"]
[Black "Triapishko, Alexandr"]
[WhiteFideId "13410547"]
[BlackFideId "14122286"]
[WhiteElo "2087"]
[BlackElo "2479"]
[Result "1-0"]
[Round "05"]
[TimeControl "180+1"]
[Date "2022.01.26"]
[WhiteClock "0:01:03"]
[BlackClock "0:00:02"]

1. d4 Nf6 2. c4 Nc6 3. Nf3 e6 4. g3 d5 5. Bg2 dxc4 6. O-O Rb8 7. e3 b5 8. Qe2 a6 9. b3 cxb3 10. axb3 Bb7 11. Bb2 Be7 12. Nbd2 O-O 13. Rfc1 Nb4 14. Ba3 h6 15. Bxb4 Bxb4 16. Ne5 Bxg2 17. Kxg2 Bxd2 18. Qxd2 c5 19. Rxa6 Qd5+ 20. Kg1 cxd4 21. Nc6 Rb7 22. Qxd4 Qxb3 23. Na5 Qa3 24. Ra1 Qe7 25. Nxb7 Qxb7 26. Rb6 Qf3 27. Rxb5 g5 28. h3 Ne4 29. Rb2 Rc8 30. Qe5 Rc5 31. Ra8+ Kh7 32. Qh8+ Kg6 33. Rg8+ Kf5 34. g4+ 1-0


[Site "https://www.chess.com"]

[Event "Titled Tuesday Blitz January 25 2022"]
[White "Bayramov, Zaur"]
[Black "Hess, Robert"]
[WhiteFideId "13405080"]
[BlackFideId "2022036"]
[WhiteElo "2166"]
[BlackElo "2557"]
[Result "1-0"]
[Round "05"]
[TimeControl "180+1"]
[Date "2022.01.26"]
[WhiteClock "0:00:13"]
[BlackClock "0:00:03"]

1. c4 g6 2. Nc3 Bg7 3. g3 c5 4. Bg2 Nc6 5. d3 Nh6 6. Nf3 O-O 7. O-O Nf5 8. Bd2 a6 9. Rb1 Rb8 10. a3 b5 11. cxb5 axb5 12. b4 cxb4 13. axb4 e6 14. Qc1 Qb6 15. g4 Nfd4 16. Nxd4 Nxd4 17. e3 Nc6 18. d4 d5 19. h3 Nd8 20. Nd1 Nb7 21. Nb2 Nd6 22. Nd3 Nc4 23. Nc5 Qd6 24. Bc3 f5 25. f4 Rf7 26. g5 Ra7 27. Qe1 Rba8 28. Qg3 Ra2 29. Ra1 Qb8 30. Rxa2 Rxa2 31. Ra1 Rxa1+ 32. Bxa1 Qa7 33. Bc3 Qa3 34. Qe1 Bf8 35. h4 Kf7 36. Bf3 Ke8 37. h5 Kd8 38. hxg6 hxg6 39. Kg2 Bd6 40. Kg3 Kc7 41. Kg2 Kb6 42. Kg3 Kc6 43. Kg2 Kc7 44. Kg3 Qa2 45. Qf2 Qb1 46. Be2 Qc1 47. Bxc4 bxc4 48. Be1 Kc6 49. Kf3 Kb5 50. Qe2 Qb1 51. Bf2 Qh1+ 52. Kg3 Qb1 53. Qd2 Qxb4 54. Qa2 Bxc5 55. dxc5 Qa4 56. Qb2+ Qb3 57. Qe5 c3 58. Qb8+ Kc4 59. Qxc8 Qa4 60. Qxe6 c2 61. c6 c1=Q 62. c7 Kd3 63. c8=Q Qxc8 64. Qxc8 Qc4 65. Qe6 Ke2 66. Qxg6 Kf1 67. Qh5 Qe4 68. Qh3+ Ke2 69. Qg2 Qe6 70. Bg1+ Kd3 71. Qf1+ Kc3 72. Qa1+ Kd2 73. Qf6 Qe4 74. g6 Ke2 75. Qb2+ Kd1 76. Qd4+ 1-0


[Site "https://www.chess.com"]

[Event "Titled Tuesday Blitz January 25 2022"]
[White "Belyakov, Bogdan"]
[Black "Pranav, V"]
[WhiteFideId "24104795"]
[BlackFideId "25060783"]
[WhiteElo "2407"]
[BlackElo "2349"]
[Result "1/2-1/2"]
[Round "05"]
[TimeControl "180+1"]
[Date "2022.01.26"]
[WhiteClock "0:00:32"]
[BlackClock "0:00:05"]

1. e4 e5 2. Nf3 Nc6 3. Bc4 Nf6 4. d4 exd4 5. e5 d5 6. Bb5 Ne4 7. Nxd4 Bd7 8. Bxc6 bxc6 9. O-O Bc5 10. Be3 Bb6 11. Nd2 c5 12. N4b3 Nxd2 13. Qxd2 d4 14. Bg5 Qc8 15. c3 h6 16. Bh4 Bc6 17. cxd4 Qg4 18. Bg3 cxd4 19. Rac1 Bd5 20. f3 Qd7 21. Nc5 Qb5 22. Qxd4 Bxa2 23. b4 O-O 24. Kh1 a5 25. bxa5 Rxa5 26. Bf2 Be6 27. Qf4 Bxc5 28. Bxc5 Rd8 29. Rfe1 Ra2 30. Be3 c6 31. h3 Rd3 32. Qg3 Kh7 33. Qf4 Qb2 34. Rg1 Qb3 35. Qe4+ Kg8 36. Rb1 Rxe3 37. Rxb3 Rxe4 38. Rb8+ Kh7 39. fxe4 c5 40. Rc1 c4 41. Rb4 Ra5 42. Kg1 Rxe5 43. Rbxc4 Bxc4 44. Rxc4 Ra5 45. Kf2 Ra2+ 46. Kf3 Kg6 47. Rc5 h5 48. h4 Ra3+ 49. Kf4 Kh6 50. g3 g6 51. Rc7 Ra1 52. Rb7 Kg7 53. Rb6 Rf1+ 54. Ke3 Kf8 55. Rb7 Ke8 56. Ra7 Kf8 57. Rb7 Kg7 58. Rb6 Ra1 59. Rc6 Ra3+ 60. Kf4 Ra1 1/2-1/2


[Site "https://www.chess.com"]

[Event "Titled Tuesday Blitz January 25 2022"]
[White "Borisova, Ekaterina"]
[Black "Cherniaiev, Tykhon"]
[WhiteFideId "34124184"]
[BlackFideId "14182360"]
[WhiteElo "2034"]
[BlackElo "2289"]
[Result "0-1"]
[Round "05"]
[TimeControl "180+1"]
[Date "2022.01.26"]
[WhiteClock "0:00:17"]
[BlackClock "0:00:07"]

1. d4 Nf6 2. c4 e6 3. g3 d5 4. Nf3 Be7 5. Bg2 O-O 6. O-O dxc4 7. Qc2 a6 8. a4 Bd7 9. Qxc4 b5 10. Qc2 Bc6 11. Bg5 Be4 12. Qc1 b4 13. Nbd2 Bb7 14. Qc2 h6 15. Bf4 Nc6 16. Nb3 Bd6 17. Ne5 Bxe5 18. Bxe5 Nd5 19. Nc5 Nxe5 20. dxe5 Qc8 21. Rac1 Rd8 22. Rfd1 Rb8 23. Bxd5 Bxd5 24. e4 Ba8 25. Rxd8+ Qxd8 26. Rd1 Qc8 27. b3 Bc6 28. Qd3 a5 29. f4 Qf8 30. Qc4 Rd8 31. Rxd8 Qxd8 32. Nxe6 Qd1+ 33. Kg2 Qd2+ 34. Kh3 Bd7 35. f5 fxe6 36. fxe6 Bc8 37. Qc6 Qd8 38. Kg2 Qe7 39. Qa8 Qxe6 40. Qxa5 Qxb3 41. Qxc7 Qe6 42. a5 b3 43. Qb8 Kh7 44. Qb4 Bd7 45. Kf3 Bc6 46. a6 Ba8 47. a7 Qf7+ 48. Kg4 Qxa7 49. Qxb3 Bxe4 50. Qe6 Qe3 51. Kh3 Qe2 52. g4 Qg2+ 53. Kh4 Qxh2# 0-1


[Site "https://www.chess.com"]

[Event "Titled Tuesday Blitz January 25 2022"]
[White "Bortnyk, Olexandr"]
[Black "De Silva, L M S T"]
[WhiteFideId "14120828"]
[BlackFideId "9953698"]
[WhiteElo "2723"]
[BlackElo "1631"]
[Result "1-0"]
[Round "05"]
[TimeControl "180+1"]
[Date "2022.01.26"]
[WhiteClock "0:02:35"]
[BlackClock "0:02:20"]

1. d4 Nf6 2. Nc3 d5 3. Bf4 c6 4. e3 Bf5 5. Nf3 e6 6. Ne5 Bd6 7. g4 Bg6 8. h4 Bxe5 9. dxe5 Ne4 10. Nxe4 Bxe4 11. f3 Bg6 12. h5 Nd7 13. hxg6 fxg6 14. Bd3 O-O 15. Qd2 c5 16. Qh2 h6 1-0


[Site "https://www.chess.com"]

[Event "Titled Tuesday Blitz January 25 2022"]
[White "Brodowski, Piotr"]
[Black "Zakhartsov, Vladimir"]
[WhiteFideId "1124480"]
[BlackFideId "4145097"]
[WhiteElo "2422"]
[BlackElo "2432"]
[Result "1/2-1/2"]
[Round "05"]
[TimeControl "180+1"]
[Date "2022.01.26"]
[WhiteClock "0:00:10"]
[BlackClock "0:00:09"]

1. c4 e5 2. Nc3 Nf6 3. Nf3 Nc6 4. a3 e4 5. Ng5 Qe7 6. Qc2 Nd4 7. Qd1 h6 8. Nh3 c6 9. e3 Ne6 10. d4 exd3 11. Bxd3 g6 12. O-O Bg7 13. Nf4 O-O 14. Qc2 d6 15. b4 Nxf4 16. exf4 d5 17. Bb2 dxc4 18. Bxc4 Bf5 19. Qb3 b5 20. Be2 a5 21. Bf3 Be6 22. Qc2 axb4 23. axb4 Qxb4 24. Bxc6 Rac8 25. Ba3 Qc4 26. Bxf8 Bxf8 27. Bxb5 Qxc3 28. Qxc3 Rxc3 29. g3 Kg7 30. Rfc1 Rxc1+ 31. Rxc1 h5 32. Bc6 Be7 33. Bf3 Bd8 34. Kg2 Bb6 35. h3 Bf5 36. Rc6 Bd4 37. Rc4 Bb6 38. Rc6 Bd8 39. Ra6 Be7 40. Ra7 Kf8 41. Ra8+ Kg7 42. Ra7 Bf8 43. Ra5 Be6 44. Ra6 Nd7 45. Ra7 Nc5 46. Ra1 Bf5 47. Rc1 Nd3 48. Rd1 Bb4 49. g4 hxg4 50. hxg4 Ne1+ 51. Rxe1 Bxe1 52. gxf5 gxf5 53. Bd1 Kf6 54. Kf3 Bb4 55. Bc2 Be7 56. Bd3 Bf8 57. Bc2 1/2-1/2


[Site "https://www.chess.com"]

[Event "Titled Tuesday Blitz January 25 2022"]
[White "Carlsson, Ludvig"]
[Black "Leiva, Gianmarco"]
[WhiteFideId "1727010"]
[BlackFideId "3804399"]
[WhiteElo "2178"]
[BlackElo "2328"]
[Result "0-1"]
[Round "05"]
[TimeControl "180+1"]
[Date "2022.01.26"]
[WhiteClock "0:00:41"]
[BlackClock "0:00:35"]

1. d4 Nf6 2. Nf3 e6 3. c4 d5 4. g3 Be7 5. Bg2 O-O 6. O-O c6 7. Nc3 b6 8. Ne5 Bb7 9. e4 Nbd7 10. Nxd7 Qxd7 11. e5 Ne8 12. cxd5 cxd5 13. Re1 Nc7 14. Bf1 Ba6 15. Bh3 Rfc8 16. Be3 Nb5 17. Nxb5 Bxb5 18. Qd2 Rc6 19. Rec1 Rac8 20. Rxc6 Qxc6 21. Rc1 Qxc1+ 22. Qxc1 Rxc1+ 23. Bxc1 Bc4 24. b3 Bd3 25. Bf1 Bb1 26. a3 Ba2 27. b4 Bb1 28. Bb5 g5 29. Kf1 Kg7 30. Ke2 Kg6 31. g4 h5 32. h3 hxg4 33. hxg4 Kg7 34. Bd3 Ba2 35. Bd2 Bc4 36. Ke3 b5 37. Bc2 Bd8 38. f3 Bb6 39. Bc3 f6 40. exf6+ Kxf6 41. Kd2 Bc7 42. Ke1 Bg3+ 43. Kd1 Bf1 44. Be1 Bf4 45. Bd2 Bg2 46. Bxf4 Bxf3+ 47. Ke1 gxf4 48. g5+ Kxg5 49. Kf2 Be4 50. Bd1 e5 51. dxe5 Kf5 52. Be2 a6 53. e6 Kxe6 54. Bg4+ Bf5 55. Bh5 Ke5 56. Bd1 d4 57. a4 bxa4 58. Bxa4 Bd3 59. Bc6 Bb5 60. Bb7 d3 61. Ke1 Kd4 62. Kd2 Kc4 63. Bxa6 Bxa6 0-1


[Site "https://www.chess.com"]

[Event "Titled Tuesday Blitz January 25 2022"]
[White "Ceres, Dragos"]
[Black "Demchenko, Anton"]
[WhiteFideId "13905864"]
[BlackFideId "4160258"]
[WhiteElo "2072"]
[BlackElo "2539"]
[Result "0-1"]
[Round "05"]
[TimeControl "180+1"]
[Date "2022.01.26"]
[WhiteClock "0:01:49"]
[BlackClock "0:02:30"]

1. e4 c5 2. Nf3 d6 3. Bb5+ Nc6 4. O-O Bd7 5. c3 Nf6 6. Re1 a6 7. Ba4 b5 8. Bc2 c4 9. h3 g5 10. e5 Nxe5 11. Nxe5 dxe5 12. Rxe5 Qc7 13. Rxg5 Bh6 14. Rg3 Bf4 15. Rf3 Bc6 16. d4 Bxc1 17. Qxc1 Bxf3 18. gxf3 Rg8+ 19. Kf1 Qh2 20. Nd2 Rg1+ 0-1


[Site "https://www.chess.com"]

[Event "Titled Tuesday Blitz January 25 2022"]
[White "Cunjalo, Faris"]
[Black "Samunenkov, Ihor"]
[WhiteFideId "14410710"]
[BlackFideId "14187086"]
[WhiteElo "2263"]
[BlackElo "2406"]
[Result "1-0"]
[Round "05"]
[TimeControl "180+1"]
[Date "2022.01.26"]
[WhiteClock "0:01:36"]
[BlackClock "0:00:10"]

1. c4 c5 2. Nf3 Nc6 3. Nc3 Nf6 4. g3 d5 5. cxd5 Nxd5 6. Bg2 Nxc3 7. bxc3 e5 8. d3 Be7 9. O-O O-O 10. Rb1 Qc7 11. Nd2 b6 12. Qa4 Bb7 13. Nc4 Rad8 14. Rd1 Rfe8 15. e4 Bf8 16. Ne3 Ne7 17. Qxa7 Rd6 18. Qa4 Red8 19. Qc2 Ba6 20. c4 Nc6 21. Nd5 Qa7 22. Be3 Nd4 23. Bxd4 cxd4 24. Rb3 Re6 25. Rdb1 Bc5 26. Qe2 Bb7 27. h4 h6 28. Bh3 Rc6 29. Qh5 Bc8 30. Bxc8 Rdxc8 31. Qxe5 Qxa2 32. h5 Re6 33. Qf5 Qc2 34. Qf3 Rcc6 35. Qd1 Qa2 36. Ra1 1-0


[Site "https://www.chess.com"]

[Event "Titled Tuesday Blitz January 25 2022"]
[White "Di Nicolantonio, Lucas"]
[Black "Stribuk, Artiom"]
[WhiteFideId "680460"]
[BlackFideId "13515659"]
[WhiteElo "2381"]
[BlackElo "2224"]
[Result "0-1"]
[Round "05"]
[TimeControl "180+1"]
[Date "2022.01.26"]
[WhiteClock "0:00:02"]
[BlackClock "0:00:05"]

1. f4 d5 2. Nf3 Bg4 3. Ne5 Bf5 4. d3 f6 5. Nf3 Nd7 6. g3 e5 7. fxe5 fxe5 8. Bg2 Bc5 9. d4 exd4 10. Nxd4 Qf6 11. c3 Ne7 12. O-O O-O 13. Kh1 Qg6 14. Nd2 c6 15. Nxf5 Nxf5 16. Nf3 Ne5 17. Nd4 Ng4 18. Qd3 Nxd4 19. Qxg6 hxg6 20. cxd4 Bxd4 21. h3 Nf2+ 22. Kh2 Rae8 23. Bf3 Ne4 24. Bf4 Bxb2 25. Rab1 Be5 26. Bxe5 Rxe5 27. Rxb7 Nd2 28. Rf2 Nxf3+ 29. exf3 Rf7 30. Rb8+ Kh7 31. g4 g5 32. Kg3 Rc7 33. Rh2 c5 34. h4 Kg6 35. hxg5 Kf7 36. f4 Re3+ 37. Kf2 d4 38. f5 c4 39. Rhh8 c3 40. g6+ Kf6 41. Rhf8+ Ke5 42. Rbe8+ Kf4 43. f6 gxf6 0-1


[Site "https://www.chess.com"]

[Event "Titled Tuesday Blitz January 25 2022"]
[White "Dilmukhametov, Artur"]
[Black "Janaszak, Dawid"]
[WhiteFideId "24179922"]
[BlackFideId "1119206"]
[WhiteElo "2266"]
[BlackElo "2199"]
[Result "0-1"]
[Round "05"]
[TimeControl "180+1"]
[Date "2022.01.26"]
[WhiteClock "0:00:03"]
[BlackClock "0:00:21"]

1. d4 Nf6 2. Nc3 d5 3. Bf4 a6 4. e3 Bf5 5. Nf3 e6 6. Ne5 Bd6 7. g4 Be4 8. f3 Bg6 9. h4 h5 10. Nxg6 fxg6 11. Bd3 Kf7 12. g5 Bxf4 13. exf4 Nfd7 14. Qe2 Nc6 15. Qe3 Qe7 16. O-O-O Rhe8 17. Rhe1 Nf8 18. Ne2 Qb4 19. c3 Qa5 20. Kb1 b5 21. Nc1 Qb6 22. Nb3 b4 23. c4 a5 24. Nc5 Rad8 25. Bf1 Ne7 26. Nd3 Nf5 27. Ne5+ Kg8 28. Qf2 a4 29. c5 Qa5 30. Nc6 Qa8 31. Nxd8 Qxd8 32. Bb5 Re7 33. Bxa4 Qa8 34. Bc2 Rf7 35. Re2 Qc6 36. Rde1 Qb5 37. Re5 Ne7 38. Qd2 Nc6 39. R5e2 Qc4 40. Rd1 Qb5 41. Bd3 Qb8 42. Bc2 Qb5 43. Rde1 Qb8 44. Ba4 Ne7 45. Rxe6 Nxe6 46. Rxe6 Nf5 47. Qf2 Re7 48. Rxe7 Nxe7 49. Bc2 Kf7 50. Qe3 Qc8 51. Qe5 Qh3 52. a4 Qxf3 53. Qxc7 b3 54. Bxb3 Qxb3 55. a5 Qd1+ 56. Ka2 Qa4+ 57. Kb1 Qxd4 58. Qb6 Qd1+ 59. Ka2 Qa4+ 60. Kb1 d4 61. a6 d3 62. Qd6 Qc2+ 63. Ka2 d2 64. a7 Qa4+ 65. Kb1 d1=Q+ 0-1


[Site "https://www.chess.com"]

[Event "Titled Tuesday Blitz January 25 2022"]
[White "Estrada Nieto, Julian"]
[Black "Erdogdu, Mert"]
[WhiteFideId "5101018"]
[BlackFideId "6301495"]
[WhiteElo "2246"]
[BlackElo "2485"]
[Result "0-1"]
[Round "05"]
[TimeControl "180+1"]
[Date "2022.01.26"]
[WhiteClock "0:00:02"]
[BlackClock "0:01:00"]

1. e4 c5 2. Nf3 d6 3. Bb5+ Nc6 4. d4 cxd4 5. Qxd4 Bd7 6. Bxc6 Bxc6 7. Nc3 Nf6 8. Bg5 e6 9. O-O-O Be7 10. Rhe1 O-O 11. Kb1 b5 12. Bxf6 Bxf6 13. Qxd6 Qb6 14. Ne5 Bxe5 15. Qxe5 b4 16. Ne2 Qxf2 17. Nd4 Rac8 18. Re2 Qh4 19. Rd3 Ba8 20. a3 bxa3 21. Rxa3 Rfd8 22. Rxa7 Qg4 23. Nf3 h6 24. h3 Qg6 25. Ka2 Rc4 26. b3 Rxe4 27. Rxe4 Bxe4 28. Nh4 Qh7 29. Qc7 Rf8 30. Kb2 g5 31. Nf3 Qg7+ 0-1


[Site "https://www.chess.com"]

[Event "Titled Tuesday Blitz January 25 2022"]
[White "FGHSMN"]
[Black "Romanchuk, Viktor"]
[BlackFideId "14109271"]
[WhiteElo "2715"]
[BlackElo "2242"]
[Result "0-1"]
[Round "05"]
[TimeControl "180+1"]
[Date "2022.01.26"]
[WhiteClock "0:00:02"]
[BlackClock "0:00:32"]

1. b3 d5 2. Bb2 c6 3. d3 Bf5 4. Nd2 e6 5. e4 dxe4 6. dxe4 Bg6 7. Ngf3 Nf6 8. g3 Nxe4 9. Bg2 Nxd2 10. Nxd2 Nd7 11. O-O Nf6 12. a4 Be7 13. a5 a6 14. Re1 O-O 15. c4 Bb4 16. Re2 Bxa5 17. Bxf6 gxf6 18. Qc1 Qd3 19. Bf1 Qc3 20. Qe1 Rad8 21. Ra2 Bh5 22. Re3 Qxd2 23. Rxd2 Bxd2 24. Qa1 Bxe3 25. fxe3 Kg7 26. Kf2 Rd2+ 27. Kg1 Rfd8 28. h3 Rd1 29. Qb2 R8d2 30. Qc3 Be2 31. Kf2 Rxf1+ 32. Kg2 Rfd1 0-1


[Site "https://www.chess.com"]

[Event "Titled Tuesday Blitz January 25 2022"]
[White "Gabdushev, Ruslan"]
[Black "Djordjevic, Vuk"]
[WhiteFideId "4137833"]
[BlackFideId "902098"]
[WhiteElo "2312"]
[BlackElo "2463"]
[Result "0-1"]
[Round "05"]
[TimeControl "180+1"]
[Date "2022.01.26"]
[WhiteClock "0:00:02"]
[BlackClock "0:00:03"]

1. e4 d5 2. e5 c5 3. f4 Nc6 4. Nf3 Bg4 5. Be2 e6 6. O-O Nge7 7. d3 Nf5 8. c3 Be7 9. Na3 O-O 10. Nc2 b5 11. h3 Bxf3 12. Bxf3 Qb6 13. g4 Nh4 14. Bh1 f6 15. exf6 Bxf6 16. Be3 b4 17. Qe1 Ng6 18. Qf2 bxc3 19. Bxc5 cxb2 20. Rab1 Qa5 21. d4 Nxf4 22. Qe3 Nxh3+ 23. Qxh3 Qd2 24. Qg2 Qxg2+ 25. Bxg2 Rfb8 26. Rf3 Na5 27. Ne3 Nc6 28. Nc2 Na5 29. Ne3 Rb7 30. Bf1 Rab8 31. Ba6 Rd7 32. Rf2 Nc6 33. Rfxb2 Rxb2 34. Rxb2 Nxd4 35. Bxd4 Bxd4 36. Re2 Rd6 37. Bd3 Rc6 38. Kf2 Rc3 39. Rd2 Ra3 40. Ke2 Bb6 41. g5 Bd8 42. g6 hxg6 43. Bxg6 Bg5 44. Bd3 Kf7 45. Rb2 Ke7 46. Rb7+ Kd6 47. Rxg7 Rxa2+ 48. Kf3 Bxe3 49. Kxe3 Ra3 50. Kd2 a5 51. Rg6 Ke5 52. Rg5+ Kd4 53. Rg4+ Kc5 54. Rg5 a4 55. Kc2 Ra2+ 56. Kc3 Ra3+ 57. Kc2 Kd4 58. Rg4+ Ke3 59. Rg3+ Kf4 60. Rg8 e5 61. Rd8 d4 0-1


[Site "https://www.chess.com"]

[Event "Titled Tuesday Blitz January 25 2022"]
[White "Goryachkina, Aleksandra"]
[Black "Risteski, Emil"]
[WhiteFideId "4147103"]
[BlackFideId "15005267"]
[WhiteElo "2426"]
[BlackElo "2070"]
[Result "1/2-1/2"]
[Round "05"]
[TimeControl "180+1"]
[Date "2022.01.26"]
[WhiteClock "0:00:07"]
[BlackClock "0:00:10"]

1. e4 d6 2. d4 Nf6 3. Nc3 e5 4. dxe5 dxe5 5. Qxd8+ Kxd8 6. Bc4 Ke8 7. Nge2 c6 8. a4 Bb4 9. O-O Nbd7 10. f3 Ke7 11. Be3 a5 12. Rad1 Bc5 13. Kf2 Bxe3+ 14. Kxe3 Nc5 15. Ng3 g6 16. Rd2 Nfd7 17. b3 Nb6 18. Be2 Ne6 19. Rfd1 Nf4 20. Kf2 h5 21. h4 Ne6 22. Bf1 Rd8 23. Rxd8 Nxd8 24. Nge2 Ne6 25. g3 Nc5 26. Rd2 Be6 27. f4 Bg4 28. Nc1 Rd8 29. Rxd8 Kxd8 30. Nd3 Nxd3+ 31. Bxd3 Ke7 32. Ke3 Nd7 33. Nb1 Nc5 34. Nd2 Bd7 35. Nc4 exf4+ 36. gxf4 b5 37. axb5 cxb5 38. Nxa5 f6 39. b4 Ne6 40. Nb3 g5 41. fxg5 fxg5 42. hxg5 Nxg5 43. Nd4 h4 44. Kf4 h3 45. Kg3 Kd6 46. Nf3 Nxf3 47. Kxf3 Ke5 48. Kg3 Kd4 49. Bxb5 Bxb5 50. Kxh3 Kxe4 51. Kg3 Kd4 52. c4 Kxc4 53. Kf4 Kxb4 1/2-1/2


[Site "https://www.chess.com"]